 Dungeon Crawl Stone Soup version 0.21.0 (webtiles) character file.

18350 Suckerboh the Brawler (level 12, -2/107 HPs)
             Began as a Troll Artificer on Jan 7, 2018.
             Slain by a black mamba (13 damage)
             ... on level 4 of the Lair of Beasts.
             The game lasted 00:25:36 (12423 turns).

Suckerboh the Brawler (Troll Artificer)            Turns: 12423, Time: 00:25:37

Health: -2/107     AC:  7    Str: 32    XL:     12   Next: 26%
Magic:  24/24      EV: 13    Int:  9    God:
Gold:   459        SH:  3    Dex: 14    Spells: 10/11 levels left

rFire    . . .     SeeInvis +     - Unarmed
rCold    . . .     Gourm    +   (no shield)
rNeg     . . .     Faith    .   b - +0 robe
rPois    .         Spirit   .   (helmet restricted)
rElec    .         Reflect  +   j - +1 cloak
rCorr    .         Harm     .   (gloves unavailable)
MR       .....     Rnd*Tele +   (boots unavailable)
Stlth    +.........             E - +3 amulet of reflection
HPRegen  0.67/turn              q - ring of Hitworyst {+Blink MP+9 Str+4 SInv}
MPRegen  0.19/turn              t - ring of Egomania {Str+5 SInv}

@: lethally poisoned (-2 -> -5)
A: large, unfitting armour, claws 3, see invisible, clever 1, fast metabolism 3,
gourmand, regeneration 1, shaggy fur 1, teleportitis 1, tough skin 2
a: Evoke Blink


You were on level 4 of the Lair of Beasts.
You were very full.

You visited 2 branches of the dungeon, and saw 13 of its levels.

You collected 602 gold pieces.
You spent 143 gold pieces at shops.

Inventory:

Armour
 b - a +0 robe (worn)
 j - a +1 cloak (worn)
Jewellery
 k - an uncursed ring of flight
 q - the ring of Hitworyst (left claw) {+Blink MP+9 Str+4 SInv}
   (You found it on level 9 of the Dungeon)

   [ring of magical power]

   It affects your strength (+4).
   It affects your magic capacity (+9).
   It lets you see invisible.
   It lets you blink.
 t - the ring of Egomania (right claw) {Str+5 SInv}
   (You found it on level 9 of the Dungeon)

   [ring of see invisible]

   It affects your strength (+5).
   It lets you see invisible.
 B - a +5 ring of protection {unknown}
 E - a +3 amulet of reflection (around neck)
 K - a +4 ring of dexterity
Wands
 c - a wand of flame (7)
 d - a wand of enslavement (15)
 e - a wand of random effects (50)
 C - a wand of polymorph (7)
 F - a wand of iceblast (11)
 G - a wand of clouds (5)
 I - a wand of acid (8)
Scrolls
 g - 3 scrolls of identify
 i - 5 scrolls of teleportation
 n - 4 scrolls of remove curse
 v - a scroll of blinking
 w - a scroll of fog
 y - 3 scrolls of enchant weapon
 A - a scroll of immolation
 H - a scroll of amnesia
Potions
 a - 3 potions of heal wounds
 h - 2 potions of ambrosia
 m - a potion of haste
 o - a potion of cancellation
 p - 2 potions of invisibility
 r - 2 potions of might
 u - 3 potions of curing
 x - a potion of berserk rage
 z - 2 potions of flight
 D - a potion of agility
 L - a potion of mutation
Books
 l - Emisank's Papyrus of Ice and Conjuration
   (You found it on level 8 of the Dungeon)

   Spells                             Type                      Level
   a - Searing Ray                    Conjuration                  2
   b - Mephitic Cloud                 Conjuration/Poison/Air       3
   c - Iskenderun's Mystic Blast      Conjuration                  4
   d - Throw Icicle                   Conjuration/Ice              4
   e - Venom Bolt                     Conjuration/Poison           5
 s - a book of Misfortune

   Spells                             Type                      Level
   a - Confusing Touch                Hexes                        1
   b - Confuse                        Hexes                        3
   c - Gell's Gravitas                Translocation                3
   d - Petrify                        Transmutation/Earth          4
   e - Metabolic Englaciation         Hexes/Ice                    5
   f - Yara's Violent Unravelling     Hexes/Transmutation          5
Comestibles
 f - 27 rations
 J - 7 chunks of flesh


   Skills:
 + Level 3.7 Fighting
   Level 0.7 Short Blades
 + Level 6.7 Dodging
 - Level 0.3 Stealth
 + Level 16.0 Unarmed Combat
 * Level 5.7 Evocations


You had 10 spell levels left.
You knew the following spells:

 Your Spells              Type           Power        Failure   Level  Hunger
a - Confusing Touch       Hex            #.....       38%         1    ##.....


Dungeon Overview and Level Annotations

Branches:
Dungeon (9/15)             Temple (0/1) D:4            Lair (4/6) D:9
  Snake (0/4) Lair:2
  Swamp: Lair:2-4    Shoals: Lair:2-4       Orc: D:9-12

Altars:
Fedhas
Ru

Shops:
D:4 *

Annotations:
D:9 exclusion: orange crystal statue
Lair:1 exclusion: 2 oklob plants


Innate Abilities, Weirdness & Mutations

You are too large for most types of armour.
You have claws for hands.
Your metabolism is lightning-fast.
You like to eat raw meat.
Your natural rate of healing is unusually fast.
You are covered in fur. (AC +1)
You have very tough skin. (AC +2)
You have supernaturally acute eyesight. (SInv)
Your mind is acute. (Int +2)
You are occasionally teleported next to monsters.


Message History

The wyvern is almost dead.
The wyvern bites you!! The wyvern bites you!
* * * LOW HITPOINT WARNING * * *
You closely miss the wyvern.
The wyvern is severely wounded.
The wyvern completely misses you.
You closely miss the wyvern.
The wyvern is severely wounded.
The wyvern closely misses you.
You claw the wyvern!
You kill the wyvern!
Your Unarmed Combat skill increases to level 16!
The black mamba bites you.
* * * LOW HITPOINT WARNING * * *
You are poisoned.
The black mamba poisons you!
You barely miss the black mamba.
You feel sick. The black mamba bites you!
* * * LOW HITPOINT WARNING * * *
You barely miss the black mamba.
You feel sick. The black mamba bites you!
You die...

##.........#
##...##....##
....##.....##...##
....##.###.###...#
##...##.§≈§.#
#..##
....###§§§####..#
#...##..≈.# #...#
+...##.≈≈.# #...##
#...##@≈..# ##...#
#...##S§§.# ##..##
#...##.§§§# #P..#
###.†.##.§≈§#
#...#
#P##.††..##..§.#
##..###
........<.###.≈..
#...#.#
........†..#
.≈≈.##....#
..........##
..≈..#...##
..........# ##...#


You could see a black mamba.

Vanquished Creatures
  A two-headed ogre (D:8)
  A wolf spider (Lair:3)
  4 black mambas
  6 elephants (Lair:4)
  6 spiny frogs
  2 komodo dragons
  2 hornets (Lair:3)
  3 hippogriffs
  Sigmund (D:2)
  A spriggan (D:7)
  3 wyverns
  Eustachio (D:5)
  23 yaks
  7 water moccasins
  6 porcupines
  3 orc warriors
  Duvessa (D:5)
  6 ogres
  A black bear (D:9)
  A phantom (D:7)
  3 wolves (Lair:3)
  3 centaurs
  9 crocodiles
  A big kobold (D:9)
  11 bullfrogs
  A gnoll sergeant (D:8)
  Dowan (D:5)
  6 killer bees (D:7)
  2 scorpions
  2 howler monkeys (D:4)
  3 electric eels
  5 wights (D:9)
  5 crimson imps
  A centaur zombie (D:8)
  A bullfrog zombie (D:6)
  2 jellies
  3 orc priests
  2 bullfrog skeletons
  6 hounds
  An iguana (D:9)
  7 orc wizards
  8 worker ants
  13 gnolls
  19 adders
  2 shadow imps
  2 oozes (D:3)
  An adder skeleton (D:7)
  2 worms (D:5)
  3 dart slugs
  7 leopard geckos
  15 orcs
  4 giant cockroaches
  12 hobgoblins
  12 jackals
  14 kobolds
  3 quokkas
  2 ball pythons
  5 bats
  8 frilled lizards
  7 goblins
  A jackal skeleton (D:4)
  A leopard gecko skeleton (D:6)
  4 rats
299 creatures vanquished.

Vanquished Creatures (others)
  43 fungi
  21 plants
64 creatures vanquished.

Grand Total: 363 creatures vanquished

Notes
Turn   | Place    | Note
-------+----------+-------------------------------------------
     0 | D:1      | Suckerboh the Troll Artificer began the quest for the Orb.
     0 | D:1      | Reached XP level 1. HP: 18/18 MP: 1/1
   169 | D:1      | Reached XP level 2. HP: 21/26 MP: 2/2
   662 | D:1      | Reached skill level 1 in Unarmed Combat
   662 | D:1      | Reached XP level 3. HP: 30/32 MP: 4/4
   953 | D:2      | Noticed Sigmund
  1003 | D:2      | Killed Sigmund
  1003 | D:2      | Reached skill level 3 in Unarmed Combat
  1003 | D:2      | Reached XP level 4. HP: 8/40 MP: 5/5
  1003 | D:2      | Reached XP level 5. HP: 9/46 MP: 6/6
  1202 | D:2      | Found a faded altar of an unknown god.
  1907 | D:3      | Reached skill level 1 in Fighting
  1907 | D:3      | Reached XP level 6. HP: 36/55 MP: 7/7
  2280 | D:3      | Found a sacrificial altar of Ru.
  2282 | D:3      | Reached skill level 4 in Unarmed Combat
  2851 | D:3      | You fall through a shaft!
  2923 | D:4      | Reached skill level 5 in Unarmed Combat
  2939 | D:4      | Found a staircase to the Ecumenical Temple.
  3066 | D:4      | Reached XP level 7. HP: 57/62 MP: 8/8
  3260 | D:4      | Found Dunaz's General Store.
  3263 | D:4      | Bought a potion of invisibility for 88 gold pieces
  3263 | D:4      | Bought a potion of berserk rage for 55 gold pieces
  3429 | D:5      | Entered Level 5 of the Dungeon
  3495 | D:5      | Reached skill level 6 in Unarmed Combat
  3522 | D:5      | Noticed Dowan
  3523 | D:5      | Noticed Duvessa
  3526 | D:5      | Noticed Eustachio
  3647 | D:5      | Killed Duvessa
  3653 | D:5      | Killed Dowan
  3723 | D:5      | Killed Eustachio
  3723 | D:5      | Reached skill level 7 in Unarmed Combat
  3723 | D:5      | Reached XP level 8. HP: 42/70 MP: 9/9
  4427 | D:5      | Reached skill level 8 in Unarmed Combat
  5044 | D:6      | Reached skill level 9 in Unarmed Combat
  5260 | D:6      | Reached XP level 9. HP: 73/79 MP: 10/10
  5871 | D:7      | Reached skill level 10 in Unarmed Combat
  6044 | D:7      | Found a blossoming altar of Fedhas.
  6477 | D:7      | Reached skill level 11 in Unarmed Combat
  6961 | D:7      | Gained mutation: Your mind is acute. (Int +2) [potion of mutation]
  6961 | D:7      | Gained mutation: You are occasionally teleported next to monsters. [potion of mutation]
  6961 | D:7      | Gained mutation: You have supernaturally acute eyesight. (SInv) [potion of mutation]
  7075 | D:8      | Noticed a two-headed ogre
  7082 | D:8      | Killed a two-headed ogre
  7106 | D:8      | Identified Emisank's Papyrus of Ice and Conjuration
  7401 | D:8      | Reached skill level 5 in Dodging
  7401 | D:8      | Reached skill level 12 in Unarmed Combat
  7401 | D:8      | Reached XP level 10. HP: 46/88 MP: 11/11
  7997 | D:8      | Reached skill level 13 in Unarmed Combat
  8373 | D:8      | Learned a level 1 spell: Confusing Touch
  8826 | D:9      | Found a staircase to the Lair.
  8986 | D:9      | Reached XP level 11. HP: 89/97 MP: 13/13
  9129 | D:9      | Reached skill level 14 in Unarmed Combat
  9213 | D:9      | Noticed an orange crystal statue
  9217 | D:9      | Got a brightly glowing granite ring
  9312 | D:9      | Identified the ring of Egomania {Str+5 SInv} (You found it on level 9 of the Dungeon)
  9351 | D:9      | Got a fine wooden ring
  9392 | D:9      | Identified the ring of Hitworyst {+Blink MP+9 Str+4 SInv} (You found it on level 9 of the Dungeon)
  9685 | Lair:1   | Entered Level 1 of the Lair of Beasts
 10018 | Lair:1   | Noticed an oklob plant
 10018 | Lair:1   | Noticed an oklob plant
 10531 | Lair:2   | Found a staircase to the Snake Pit.
 11380 | Lair:3   | Reached skill level 15 in Unarmed Combat
 11399 | Lair:3   | Reached skill level 5 in Evocations
 11644 | Lair:3   | Noticed a wolf spider
 11656 | Lair:3   | Killed a wolf spider
 12026 | Lair:3   | Reached XP level 12. HP: 106/106 MP: 15/15
 12043 | Lair:3   | Noticed a six-headed hydra
 12421 | Lair:4   | Reached skill level 16 in Unarmed Combat
 12423 | Lair:4   | Slain by a black mamba

Skill      XL: |  1  2  3  4  5  6  7  8  9 10 11 12 |
---------------+-------------------------------------+-----
Unarmed Combat | 1 3 5 7 9 12 13 15 16 | 16.0
Dodging        | 2 3 4 5 6 |  6.7
Evocations     | 3 4 5 |  5.7
Fighting       | 1 2 3 |  3.7
Short Blades   | |  0.7
Stealth        | |  0.3

Action                   |  1- 3 |  4- 6 |  7- 9 | 10-12 || total
-------------------------+-------+-------+-------+-------++-------
Melee: Unarmed           |    86 |   148 |   324 |   446 ||  1004
       Punch             |       |     3 |     9 |    39 ||    51
Evoke: Wand              |    12 |     4 |       |     4 ||    20
  Use: Potion            |       |     2 |     1 |     1 ||     4
       Scroll            |       |       |    16 |     7 ||    23
 Stab: Sleeping          |     1 |       |     2 |     1 ||     4
       Paralysed         |       |       |       |     1 ||     1
  Eat: Chunk             |    13 |    16 |    43 |    46 ||   118
Armor: Robe              |    34 |    51 |    71 |    61 ||   217
Dodge: Dodged            |    48 |    82 |   151 |   178 ||   459
Block: Other             |       |       |       |    13 ||    13
